AoeStats
← cgho

Black Forest

506137777Analyzed
4v4 RM · 19d ago on Sep 12, 2026· 23m 13s· 8 players
Game mode
Random Map
Map size
Large (8 player)
Population
200
Speed
Normal
Resources
Standard
Victory
Conquest
Starting age
Dark Age
Ending age
Imperial Age
RankedLock teamsTeams togetherTeam positionsShared explorationLock speedFull tech treeHidden civsTurbo modeCheats
Victory
Defeat
🇭🇰 Mongols · Hong Kong SAR China
1280
+17
🇹🇼 Huns · Taiwan
1278
+17
🇨🇳 Goths · China
1252
+18
🇹🇼 Italians · Taiwan
1239
+18
1335
-19
🇨🇳 Persians · China
1324
-19
🇹🇼 Turks · Taiwan
1272
-17
🇨🇳 Burmese · China
1238
-15
cgho
10:40 Feudal Age
10:51 Man-at-Arms
17:28 Loom
24:28 Castle Age
23:16 Double-Bit Axe
Maple
0:34 Loom
10:51 Feudal Age
11:37 Double-Bit Axe
13:49 Fletching
16:37 Castle Age
16:00 Padded Archer Armor
Speechless
1:46 Loom
11:49 Feudal Age
13:09 Double-Bit Axe
15:56 Castle Age
13:50 Horse Collar
16:09 Scale Barding Armor
19:58 Chain Barding Armor
20:47 Forging
20:53 Bloodlines
22:03 Husbandry
showland_wolf
1:09 Loom
14:00 Feudal Age
15:03 Double-Bit Axe
15:00 Horse Collar
17:02 Stone Mining
17:05 Gold Mining
19:38 Castle Age
18:52 Forging
18:42 Scale Mail Armor
18:34 Fletching
21:03 Pikeman
21:44 Squires
22:26 Heavy Plow
只爆叉叉
11:14 Feudal Age
14:56 Castle Age
13:12 Double-Bit Axe
16:40 Bow Saw
16:46 Horse Collar
17:49 Heavy Plow
23:30 Wheelbarrow
Ejatch Lemayahu Gewodros
0:32 Loom
12:15 Feudal Age
17:18 Castle Age
15:20 Double-Bit Axe
18:49 Bow Saw
435589836
0:39 Loom
11:15 Feudal Age
15:59 Castle Age
16:39 Bloodlines
17:56 Wheelbarrow
scl5724
0:51 Loom
13:34 Feudal Age
21:47 Castle Age
20:35 Horse Collar
Connection lost

Rejoining the realm…

Still unreachable

The connection could not be restored.

Session expired

The server has moved on; the page needs a fresh start.